 Dungeon Crawl Stone Soup version 0.28-a0-265-g048bc9fd10 (webtiles) character file.

Game seed: 8299785218162904459

623 thedisplayname the Slasher (level 7, -4/62 HPs)
             Began as a Minotaur Abyssal Knight on Aug 27, 2021.
             Was a Believer of Lugonu.
             Slain by a gnoll (6 damage)
             ... on level 4 of the Dungeon.
             The game lasted 00:09:50 (4213 turns).

thedisplayname the Slasher (MiAK)                   Turns: 4213, Time: 00:09:50

Health: -4/62      AC:  5    Str: 17    XL:     7   Next: 22%
Magic:  8/9        EV: 11    Int:  9    God:    Lugonu [**....]
Gold:   101        SH:  0    Dex: 11    Spells: 6/6 levels left

rFire   + . .      SeeInvis .   a - +4 falchion
rCold   x . .      Faith    .   (no shield)
rNeg    . . .      Spirit   .   b - +2 leather armour
rPois   .          Reflect  .   (helmet restricted)
rElec   .          Harm     .   (no cloak)
rCorr   .          Rampage  .   (no gloves)
Will    .....                   (no boots)
Stlth   +.........              (no amulet)
HPRegen 0.20/turn               f - ring of fire
MPRegen 0.11/turn               (no ring)

@: no status effects
A: horns 2, retaliatory headbutt
a: Renounce Religion, Depart the Abyss, Bend Space


You were on level 4 of the Dungeon.
You worshipped Lugonu.
Lugonu was pleased with you.
You visited 1 branch of the dungeon, and saw 4 of its levels.
You visited the Abyss 1 time.

You collected 101 gold pieces.

Inventory:

Hand Weapons
 a - a +4 falchion (weapon)
Armour
 b - a +2 leather armour (worn)
Jewellery
 f - a ring of fire (left hand)
Scrolls
 c - 2 scrolls of identify
 g - a scroll of amnesia
Potions
 d - a potion of berserk rage {unknown}
 h - a potion of brilliance


   Skills:
 + Level 5.9 Fighting
 - Level 1.1(4.0) Short Blades
 * Level 6.8(6.9) Long Blades
 - Level 2.4 Armour
 - Level 1.1 Dodging
 + Level 4.2 Invocations


You had 6 spell levels left.
You didn't know any spells.
Your spell library contained the following spells:

 Spells                   Type           Power      Damage    Failure   Level
 Static Discharge         Conj/Air       0%         N/A       58%         2
 Conjure Flame            Conj/Fire      0%         6-21      82%         3
 Ignite Poison            Fire/Tmut/Pois 0%         N/A       82%         3
 Olgreb's Toxic Radiance  Pois           0%         N/A       99%         4
 Sticky Flame             Conj/Fire      0%         2d3       99%         4
 Lightning Bolt           Conj/Air       0%         1d11      100%        5
 Ozocubu's Refrigeration  Ice            0%         4d5       100%        7
 Ignition                 Fire           0%         3d3       100%        8
 Maxwell's Capacitive Co  Air            0%         ∞         100%        8


Dungeon Overview and Level Annotations

Branches:
Dungeon (4/15)
 Temple: D:4-7

Altars:
Ru
Sif Muna
Wu Jian
Xom
Zin

Shops:
D:1 =


Innate Abilities, Weirdness & Mutations

You have a pair of horns on your head.
You reflexively headbutt those who attack you in melee.


Message History

You barely miss the gnoll. Your headbutt misses the gnoll.
The gnoll hits you with a +0 spear.
You slash the gnoll! Your headbutt misses the gnoll.
The gnoll is heavily wounded.
The gnoll hits you with a +0 spear.
You closely miss the gnoll.
The gnoll is heavily wounded.
The gnoll closely misses you. The gnoll hits you with a +0 spear!
You are too injured to fight recklessly!
You are too injured to fight recklessly!
You are too injured to fight recklessly!
The gnoll hits you with a +0 spear. x2
Space bends around you!
You blink.
Things that are here:
a +0 whip; a gnoll corpse The gnoll hits you but does no damage.
The gnoll hits you with a +0 spear.
* * * LOW HITPOINT WARNING * * *
The gnoll barely misses you.
You closely miss the gnoll.
The gnoll is heavily wounded.
The gnoll hits you with a +0 spear.
* * * LOW HITPOINT WARNING * * *
The gnoll hits you from afar with a +0 spear!
* * * LOW HITPOINT WARNING * * *
You hit the gnoll but do no damage. You headbutt the gnoll.
The gnoll is heavily wounded.
The gnoll barely misses you. The gnoll closely misses you.
You slash the gnoll!
You kill the gnoll!
Lugonu accepts your kill.
The gnoll hits you from afar with a +0 spear.
* * * LOW HITPOINT WARNING * * *
Space bends around you!
You blink.
Okay, then.
Okay, then.
The gnoll hits you but does no damage. The gnoll misses you.
The gnoll hits you from afar with a +0 spear.
You die...

..♣.♣##.)........#
........)########
..♣.♣..........###
......$.)........
♣.♣..........#.
#............#
♣.♣..........#
.#.......g....#
.......@...####
###......###
#......# ########


You could see a gnoll.

Vanquished Creatures
  Duvessa (D:4)
  A black bear (D:4)
  An ogre (D:4)
  Dowan (D:4)
  2 jellies (D:2)
  A hound (D:4)
  A centaur skeleton (D:4)
  An iguana (D:3)
  3 gnolls (D:4)
  2 adders
  3 dart slugs
  5 orcs
  4 bats
  18 endoplasms
  2 giant cockroaches
  3 goblins
  3 hobgoblins
  6 jackals
  9 kobolds
  2 quokkas
  2 ball pythons
  2 frilled lizards (D:1)
  3 rats (D:2)
76 creatures vanquished.

Vanquished Creatures (others)
  5 fungi (D:2)
  9 plants
  7 toadstools (D:2)
21 creatures vanquished.

Grand Total: 97 creatures vanquished

Notes
Turn   | Place    | Note
-------+----------+-------------------------------------------
     0 | Abyss:1  | thedisplayname the Minotaur Abyssal Knight began the quest
                  | for the Orb.
     0 | Abyss:1  | Reached XP level 1. HP: 19/19 MP: 1/1
     0 | Abyss:1  | Found a corrupted altar of Lugonu.
    71 | Abyss:1  | Noticed a quasit
    73 | D:1      | Escaped the Abyss
   211 | D:1      | Reached * piety under Lugonu
   285 | D:1      | Reached XP level 2. HP: 23/27 MP: 2/2
   521 | D:1      | Reached skill level 1 in Short Blades
   595 | D:1      | Found Irauciel's Jewellery Emporium.
  1222 | D:2      | Reached skill level 3 in Long Blades
  1227 | D:2      | Reached XP level 3. HP: 14/33 MP: 3/3
  1441 | D:2      | Reached skill level 4 in Long Blades
  1441 | D:2      | Reached XP level 4. HP: 19/41 MP: 3/5
  1952 | D:2      | You fall into a shaft and drop 1 floor!
  2313 | D:2      | Found a faded altar of an unknown god.
  2426 | D:2      | Found a glowing silver altar of Zin.
  2615 | D:2      | Reached ** piety under Lugonu
  2724 | D:3      | Reached XP level 5. HP: 42/47 MP: 6/6
  3049 | D:3      | Found a faded altar of an unknown god.
  3049 | D:3      | Found a sacrificial altar of Ru.
  3057 | D:3      | Found a shimmering blue altar of Sif Muna.
  3059 | D:3      | Found a shimmering altar of Xom.
  3061 | D:3      | Found an ornate altar of the Wu Jian Council.
  3383 | D:4      | Noticed a black bear
  3660 | D:4      | Killed a black bear
  3661 | D:4      | Reached skill level 5 in Fighting
  3661 | D:4      | Reached skill level 5 in Long Blades
  3661 | D:4      | Reached XP level 6. HP: 48/56 MP: 7/7
  3762 | D:4      | Noticed Duvessa
  3763 | D:4      | Noticed Dowan
  3770 | D:4      | Killed Duvessa
  3775 | D:4      | Killed Dowan
  3776 | D:4      | Reached skill level 6 in Long Blades
  4043 | D:4      | Reached XP level 7. HP: 62/62 MP: 7/9
  4205 | D:4      | HP: 3/62 [gnoll (2)]
  4213 | D:4      | Slain by a gnoll

Illustrated notes

Levels and vault maps discovered:
D:1:      wander_arrival_estate, layout_loops_ring, serial_shops,
          nicolae_shop_statue_plus
D:2:      cheibrodos_fertilizer, layout_loops_ring, basic_altar,
          hellmonk_ecumenical_altar_heavens_door, nrook_mini_vaults,
          serial_bayou_pond_a
D:3:      layout_loops_ring, chequers_temple_overflow_minitemple
D:4:      layout_basic, serial_forest, infiniplex_forest_straight_5,
          infiniplex_forest_clump_tiny, infiniplex_forest_end_2,
          infiniplex_forest_lined_corner, infiniplex_forest_lined_2,
          uniq_duvessa

Skill      XL: |  1  2  3  4  5  6 |
---------------+-------------------+-----
Invocations    | 2 3 4 |  4.2
Short Blades   | 1 |  1.1
Fighting       | 4 5 |  5.9
Long Blades    | 3 4 5 6 |  6.8
Armour         | |  2.4
Dodging        | |  1.1

Action                   |  1- 3 |  4- 6 |  7- 9 || total
-------------------------+-------+-------+-------++-------
Melee: Falchion          |    55 |    99 |    30 ||   184
       Headbutt          |     6 |    19 |     5 ||    30
Invok: Depart the Abyss  |     1 |       |       ||     1
       Bend Space        |       |       |     3 ||     3
  Use: Potion            |     2 |       |       ||     2
       Scroll            |     1 |     7 |       ||     8
Armor: Leather armour    |    13 |    29 |    16 ||    58
Dodge: Dodged            |    35 |    59 |    19 ||   113

Table legend: (Time is in decaauts)
 A = Elapsed time spent in this place.
 B = Non-inter-level travel time spent in this place.
 C = Inter-level travel time spent in this place.
 D = Time resting spent in this place.
 E = Time spent auto-exploring this place.
 F = Levels seen in this place.
 G = Mean time per level.
                   A        B        C        D        E       F      G
               +--------+--------+--------+--------+--------+-----+--------+
         Total |   4231 |   4118 |    113 |    921 |   2565 |   5 |  846.2 |
       Dungeon |   4155 |   4042 |    113 |    921 |   2565 |   4 | 1038.8 |
         Abyss |     75 |     75 |      0 |      0 |      0 |   1 |   75.0 |
               +--------+--------+--------+--------+--------+-----+--------+

Top non-repeatable levels by time:
     D:2: 1392 daAuts
     D:1: 1111 daAuts
     D:3: 1004 daAuts
     D:4: 647 daAuts
 Abyss:1: 75 daAuts
